 Dungeon Crawl Stone Soup version 0.21-a0-82-gdb84782 (webtiles) character file.

302 Rrauwl the Grave Robber (level 6, -20/35 HPs)
             Began as a Deep Elf Necromancer on June 24, 2017.
             Demolished by an ogre
             ... wielding a +0 giant club
              (32 damage)
             ... on level 3 of the Dungeon.
             The game lasted 00:12:54 (5010 turns).

Rrauwl the Grave Robber (Deep Elf Necromancer)      Turns: 5010, Time: 00:12:55

Health: -20/35     AC:  4    Str:  6    XL:     6   Next: 14%
Magic:  14/14      EV: 14    Int: 20    God:
Gold:   258        SH:  0    Dex: 16    Spells: 2/14 levels left

rFire    . . .     SeeInvis .   c - +0 shortbow
rCold    + . .     Gourm    .   (shield currently unavailable)
rNeg     + . .     Faith    .   k - +1 robe
rPois    .         Spirit   .   (helmet restricted)
rElec    .         Reflect  .   (no cloak)
rCorr    .         Harm     .   (no gloves)
MR       .....                  (no boots)
Stlth    +.........             m - amulet of magic regeneration
HPRegen  0.11/turn              l - ring of positive energy
MPRegen  0.39/turn              o - ring of loudness (curse)

@: very slightly contaminated
A: horns 1, rugged brown scales 1, cold resistance 1
a: no special abilities


You were on level 3 of the Dungeon.
You were not hungry.

You visited 1 branch of the dungeon, and saw 4 of its levels.

You collected 258 gold pieces.

Inventory:

Hand Weapons
 a - a +1 mace
 c - a +0 shortbow (weapon)
Missiles
 p - 78 arrows (quivered)
Armour
 k - a +1 robe (worn)
Jewellery
 j - an uncursed ring of flight
 l - a ring of positive energy (left hand)
 m - an amulet of magic regeneration (around neck)
 o - a cursed ring of loudness (right hand)
Wands
 i - a wand of polymorph (19/24)
Scrolls
 e - 2 scrolls of amnesia
 h - 4 scrolls of identify
 t - a scroll of fog
Potions
 n - 2 potions of agility
 q - a potion of curing
 s - a potion of heal wounds
Books
 b - a book of Necromancy

   Spells                             Type                      Level
   a - Pain                           Necromancy                   1
   b - Animate Skeleton               Necromancy                   1
   c - Vampiric Draining              Necromancy                   3
   d - Regeneration                   Charms/Necromancy            3
   e - Animate Dead                   Necromancy                   4
   f - Control Undead                 Necromancy                   4
Comestibles
 f - 2 meat rations
 g - 3 bread rations
 r - a chunk of flesh


   Skills:
 + Level 1.2 Fighting
 + Level 0.0 Bows
 + Level 4.3 Dodging
 - Level 3.0 Stealth
 + Level 4.6 Spellcasting
 + Level 3.0 Charms
 + Level 6.2 Necromancy


You had 2 spell levels left.
You knew the following spells:

 Your Spells              Type           Power        Failure   Level  Hunger
a - Pain                  Necr           ####         1%          1    None
b - Regeneration          Chrm/Necr      ###.......   5%          3    ##.....
c - Animate Dead          Necr           N/A          9%          4    ####...
d - Control Undead        Necr           ####......   9%          4    ####...


Dungeon Overview and Level Annotations

Branches:
Dungeon (4/15)
 Temple: D:4-7

Altars:
Trog
Vehumet


Innate Abilities, Weirdness & Mutations

You have a pair of small horns on your head.
You are partially covered in rugged brown scales. (AC +1, +3% HP)
Your flesh is cold resistant. (rC+)


Message History

You shoot an arrow. The arrow closely misses the ogre.
The ogre closely misses you.
Firing (i - inventory):
p - 81 arrows (quivered)
Press: ? - help, Shift-Dir - straight line, f/p - ogre
Aim: an ogre, wielding a giant club (heavily wounded)
You shoot an arrow. The arrow hits the ogre.
The ogre is severely wounded.
The ogre barely misses you.
Firing (i - inventory):
p - 80 arrows (quivered)
Press: ? - help, Shift-Dir - straight line, f/p - ogre
Aim: an ogre, wielding a giant club (severely wounded)
You shoot an arrow. The arrow barely misses the ogre.
The ogre misses you.
Firing (i - inventory):
p - 79 arrows (quivered)
Press: ? - help, Shift-Dir - straight line, f/p - ogre
Aim: an ogre, wielding a giant club (severely wounded)
You shoot an arrow. The arrow hits the ogre!
The ogre is almost dead.
The ogre hits you with a giant club!!
Ouch! That really hurt!
You die...

#.##...#[# ##.....##
#.##.###.# ##...##
#.##.# #.# ##+##
#.##.###.# #.#
#........# #.#######
#.....#### ##.#......
#.##..# ##......###
#.##..#########...###.#
#.##(..O@.>.......# #.#
#.....###########รท###.#
####### #.....# #.#####
#.# ###### #.# #....#
######.# #.##.# #......#
#....## #.###..#######


You could see an ogre.

Vanquished Creatures
  A centaur (D:3)
  Ijyb (D:3)
  8 adders
  2 oozes (D:1)
  3 worms
  4 dart slugs (D:1)
  3 orcs (D:3)
  2 bats (D:2)
  4 giant cockroaches
  14 goblins
  7 hobgoblins
  14 jackals
  10 kobolds
  4 quokkas
  3 ball pythons
  4 frilled lizards
  A quokka zombie (D:3)
  7 rats
92 creatures vanquished.

Notes
Turn   | Place    | Note
-------+----------+-------------------------------------------
     0 | D:1      | Rrauwl the Deep Elf Necromancer began the quest for the Orb.
     0 | D:1      | Reached XP level 1. HP: 10/10 MP: 6/6
   216 | D:1      | Reached skill level 5 in Necromancy
   219 | D:1      | Reached XP level 2. HP: 12/15 MP: 4/8
   866 | D:1      | Reached XP level 3. HP: 17/19 MP: 6/9
  1163 | D:1      | Learned a level 3 spell: Regeneration
  2138 | D:2      | Reached XP level 4. HP: 17/24 MP: 7/12
  2384 | D:2      | Reached skill level 1 in Charms
  2546 | D:2      | Found a radiant altar of Vehumet.
  2764 | D:3      | Found a bloodstained altar of Trog.
  3309 | D:3      | Gained mutation: You have a pair of small horns on your head. [potion of mutation]
  3309 | D:3      | Gained mutation: Your flesh is cold resistant. (rC+) [potion of mutation]
  3309 | D:3      | Gained mutation: You are partially covered in rugged brown scales. (AC +1, +3% HP) [potion of mutation]
  3378 | D:3      | Reached XP level 5. HP: 23/28 MP: 9/13
  3392 | D:3      | Learned a level 4 spell: Animate Dead
  3397 | D:3      | Learned a level 4 spell: Control Undead
  4078 | D:3      | Noticed Ijyb
  4085 | D:3      | Killed Ijyb
  4171 | D:3      | Reached skill level 6 in Necromancy
  4528 | D:3      | Noticed a centaur
  4549 | D:3      | Killed a centaur
  4549 | D:3      | Reached skill level 1 in Fighting
  4549 | D:3      | Reached XP level 6. HP: 1/35 MP: 9/14
  5010 | D:3      | Demolished by an ogre

Vault maps used:
D:1:      saegor_arrival_simple_f, minmay_pentomino_v2
D:2:      vehumet_crystals, first_bread
D:3:      kennysheep_goblin_castle, old_standard_altar

Skill      XL: |  1  2  3  4  5 |
---------------+----------------+-----
Necromancy     | 5 6 |  6.2
Stealth        | 3 |  3.0
Dodging        | 3 4 |  4.3
Spellcasting   | 4 |  4.6
Charms         | 2 3 |  3.0
Fighting       | 1 |  1.2

Action                   |  1- 3 |  4- 6 || total
-------------------------+-------+-------++-------
Melee: Unarmed           |     4 |       ||     4
       Mace              |       |    28 ||    28
       Headbutt          |       |     3 ||     3
 Fire: Shortbow          |       |    11 ||    11
 Cast: Pain              |    74 |    85 ||   159
  Use: Scroll            |     3 |     7 ||    10
       Potion            |       |     8 ||     8
 Stab: Sleeping          |       |     1 ||     1
  Eat: Chunk             |     3 |     7 ||    10
       Royal jelly       |       |     1 ||     1
Armor: Robe              |     1 |     9 ||    10
Dodge: Dodged            |    17 |    36 ||    53
